 Dungeon Crawl Stone Soup version 0.30-a0-322-g102857c98e (webtiles) character file.

Game seed: 1716820907437927499

117830 ragingrage the Hand of Fortune (level 16, -9/113 (122) HPs)
             Began as a Demonspawn Delver on Oct 27, 2022.
             Was the Champion of Nemelex Xobeh.
             Killed from afar by a jorogumo (36 damage)
             ... with a bolt of negative energy
             ... on level 3 of the Spider Nest on Oct 28, 2022.
             The game lasted 00:49:40 (32839 turns).

ragingrage the Hand of Fortune (Demonspawn Delver) Turns: 32839, Time: 00:49:41

HP:   -9/113 (122)  AC: 23    Str: 32      XL:     16   Next: 24%
MP:   27/27         EV: 14    Int: 11 (13) God:    Nemelex Xobeh [******]
Gold: 2184          SH: 10    Dex: 13 (14) Spells: 13/15 levels left

rFire   + . .      SeeInvis .    a - +5 demon trident (venom)
rCold   + . .      Faith    .    T - +0 buckler
rNeg    . . .      Spirit   .    Q - +3 ring mail {rPois}
rPois   +          Reflect  .    (helmet unavailable)
rElec   +          Harm     .    N - scarf {rC+ rF+}
rCorr   .          Rampage  .    y - +1 pair of gloves
Will    +....                    L - +2 pair of boots
Stlth   ++........               k - amulet of magic regeneration
HPRegen 0.38/turn                j - +6 ring of strength
MPRegen 0.60/turn                w - +6 ring of strength

@: studying Evocations, drained
A: horns 3, thin metallic scales 3, foul stench 1, icemail 1, condensation
shield
a: Renounce Religion, Draw Escape, Draw Destruction, Draw Summoning, Draw Stack,
Triple Draw, Deal Four, Stack Five


You were on level 3 of the Spider Nest.
You worshipped Nemelex Xobeh.
Nemelex Xobeh was exalted by your worship.
You visited 3 branches of the dungeon, and saw 23 of its levels.
You also visited: Gauntlet and Volcano.

You collected 2980 gold pieces.
You spent 796 gold pieces at shops.

Inventory:

Hand Weapons
 a - a +5 demon trident of venom (weapon)
 b - a +4 broad axe of flaming
Missiles
 o - 4 throwing nets
 A - 30 poisoned darts (quivered)
 P - 17 curare-tipped darts
 R - 8 javelins
Armour
 p - the +2 pair of boots of the Sun {rC- Will++ Str+5}
   (You found it in a Gauntlet)

   Str:       It affects your strength (+5).
   rC:        It makes you vulnerable to cold.
   Will:      It greatly increases your willpower.
 s - a +3 chain mail of fire resistance
 y - a +1 pair of gloves (worn)
 L - a +2 pair of boots (worn)
 N - a scarf of resistance (worn)
 Q - a +3 ring mail of poison resistance (worn)
 S - a +1 chain mail of cold resistance
 T - a +0 buckler (worn)
Jewellery
 j - a +6 ring of strength (left hand)
 k - an amulet of magic regeneration (around neck)
 t - a ring of see invisible
 w - a +6 ring of strength (right hand)
 B - the ring "Moyto" {rF+ Dex+2}
   (You found it in a Gauntlet)

   [ring of protection from fire]

   Dex:       It affects your dexterity (+2).
   rF:        It protects you from fire.
 V - a ring of resist corrosion
Wands
 g - a wand of digging (3)
 l - a wand of paralysis (16)
 E - a wand of roots (23)
 F - a wand of flame (65)
 W - a wand of light (6)
Scrolls
 c - a scroll of fog
 d - 7 scrolls of magic mapping
 e - 6 scrolls of fear
 h - 6 scrolls of immolation
 i - 13 scrolls of teleportation
 q - 5 scrolls of poison
 x - 6 scrolls of butterflies
 J - 3 scrolls of enchant armour
 M - 8 scrolls of blinking
 O - 3 scrolls of torment
Potions
 f - 6 potions of haste
 m - 9 potions of brilliance
 n - 7 potions of curing
 r - 4 potions of resistance
 u - 3 potions of flight
 v - 4 potions of magic
 z - 6 potions of mutation
 C - 11 potions of heal wounds
 G - 8 potions of attraction
 H - 4 potions of cancellation
 I - 2 potions of invisibility
 U - 3 potions of might
 X - 2 potions of berserk rage
 Y - 2 potions of ambrosia
Miscellaneous
 D - a box of beasts
 K - a tin of tremorstones (2/2)
 Z - a phial of floods


   Skills:
 - Level 10.0 Fighting
 - Level 14.0(14.9) Axes
 * Level 8.6(12.3) Polearms
 + Level 5.7 Throwing
 - Level 9.0 Armour
 - Level 9.0 Dodging
 - Level 4.5 Stealth
 - Level 9.0 Shields
 + Level 4.1 Transmutations
 - Level 15.0 Invocations
 + Level 8.9 Evocations


You had 13 spell levels left.
You knew the following spells:

 Your Spells              Type           Power      Damage    Failure   Level
a - Wereblood             Tmut           9%         N/A       16%         2

Your spell library contained the following spells:

 Spells                   Type           Power      Damage    Failure   Level
 Beastly Appendage        Tmut           18%        N/A       11%         1
 Apportation              Tloc           0%         N/A       50%         1
 Magic Dart               Conj           0%         1d3       50%         1
 Necrotise                Necr           0%         1d4       50%         1
 Slow                     Hex            0%         N/A       50%         1
 Summon Small Mammal      Summ           0%         N/A       50%         1
 Spider Form              Tmut/Pois      4%         N/A       58%         3
 Call Imp                 Summ           0%         N/A       65%         2
 Ensorcelled Hibernation  Hex/Ice        0%         N/A       65%         2
 Ignite Poison            Fire/Tmut/Pois 3%         N/A       69%         3
 Confusing Touch          Hex            0%         N/A       86%         3
 Dazzling Flash           Conj/Hex       0%         N/A       86%         3
 Hailstorm                Conj/Ice       0%         3d3       86%         3
 Mephitic Cloud           Conj/Pois/Air  0%         N/A       86%         3
 Vampiric Draining        Necr           0%         2d6       86%         3
 Vhi's Electric Charge    Tloc/Air       0%         N/A       86%         3
 Ice Form                 Ice/Tmut       4%         N/A       94%         4
 Anguish                  Hex/Necr       0%         N/A       99%         4
 Iskenderun's Mystic Bla  Conj/Tloc      0%         2d3       99%         4
 Olgreb's Toxic Radiance  Pois           0%         N/A       99%         4
 Sticky Flame             Conj/Fire      0%         2d3       99%         4
 Arcjolt                  Conj/Air       0%         1d10      100%        5
 Metabolic Englaciation   Hex/Ice        0%         N/A       100%        5
 Simulacrum               Ice/Necr       0%         N/A       100%        6
 Starburst                Conj/Fire      0%         6d3       100%        6
 Enfeeble                 Hex            0%         N/A       100%        7
 Ozocubu's Refrigeration  Ice            0%         4d7       100%        7
 Ignition                 Fire           0%         3d3       100%        8
 Maxwell's Capacitive Co  Air            0%         ∞         100%        8


Dungeon Overview and Level Annotations

Branches:
Dungeon (15/15)            Temple (0/1) D:6            Lair (5/5) D:9
  Swamp (0/4) Lair:3       Spider (3/4) Lair:2        Slime (0/5) Lair:5
    Orc (0/2) D:11         Vaults (0/5) D:13        Volcano (visited)
Gauntlet (visited)
 Depths: D:15

Altars:
Ashenzari
Cheibriados
Fedhas
Gozag
Hepliaklqana
Nemelex Xobeh
Qazlal
Sif Muna
Vehumet
Wu Jian
Yredelemnul
Lugonu

Shops:
D:5 [   D:11 =(*?(

Annotations:
D:2 Sigmund
D:9 3 runed translucent doors, sirJeffrey23's ghost, novice HOFi
D:10 exclusion: downstairs
D:12 2 transporters


Innate Abilities, Weirdness & Mutations

You have a pair of large horns on your head.
You are completely covered in thin metallic scales. (AC +4, rElec)
You may rarely emit foul miasma when damaged in melee.
A meltable icy envelope protects you from harm. (AC +4)
A meltable shield of frost defends you. (SH +4)


Message History

The redback barely misses your naga sharpshooter.
The redback bites your naga sharpshooter! x2
Your deep elf master archer wields a +2 antimagic longbow.
Your deep elf master archer shoots an arrow.
The arrow hits the redback!!
Your naga sharpshooter unwields a +0 glaive.
Your naga sharpshooter wields a +0 arbalest.
Your naga sharpshooter shoots a bolt.
The bolt barely misses the redback.
Reach: a) +5 demon trident (venom)
Press: ? - help, Dir - move target, f - redback
Aim: a redback (almost dead, ally target, about 33% to evade your +5 demon trident of venom)
You could not reach far enough!
The redback bites your naga sharpshooter!
Your naga sharpshooter looks as sick as possible!
The redback poisons your naga sharpshooter!
The redback bites your naga sharpshooter but does no damage.
Your deep elf master archer shoots an arrow.
The arrow misses the redback.
Reach: a) +5 demon trident (venom)
Press: ? - help, Dir - move target, f/p - redback
Aim: a redback (almost dead, ally target, about 33% to evade your +5 demon trident of venom)
You could not reach far enough!
The redback bites your naga sharpshooter.
Your naga sharpshooter shoots a bolt.
The bolt misses the redback.
Your deep elf master archer unwields a +2 antimagic longbow.
Your deep elf master archer hits the redback!!
The redback dies!
Reach: a) +5 demon trident (venom)
Press: ? - help, Dir - move target, f - redback
Aim: a redback (ally target, about 33% to evade your +5 demon trident of venom)
You could not reach far enough!
The redback bites your naga sharpshooter but does no damage.
The jorogumo casts a spell at you.
The bolt of negative energy hits your naga sharpshooter!!!
Your naga sharpshooter is drained!
Your naga sharpshooter dies!
Your naga sharpshooter's corpse disappears in a puff of smoke!
The bolt of negative energy hits you!!!
You feel drained.
You die...
Your body glows slightly and disappears.

### #.### ##### ## ###
##.^.###....#..# ...
#............... ....
###....†.....#..^
......###..##..........#
............†#...##....#.#
.....##......##.@#.......#
..... #......##..§.H....#
....###.....^##...se....#
....##.......###.........#
...##........# #.........#
.#...........# #.^....^..#
#..##^.......# .........##
#<###......##^#.......###
# #[# .......# #......###
#


You could see a jorogumo (poisoned, drained, ally target), a redback and a
friendly deep elf master archer (summoned).

Vanquished Creatures
  Nikola (Spider:1)
  Kirke (D:14)
  An emperor scorpion (Spider:2)
  3 ghost moths
  2 broodmothers
  A spark wasp (Spider:2)
  A minotaur (Gauntlet)
  A fire dragon (Lair:5)
  5 entropy weavers
  A jorogumo (Spider:3)
  5 centaur warriors
  A catoblepas (Lair:3)
  6 boulder beetles
  3 hydras
  2 dancing weapons (D:13)
  2 two-headed ogres (D:10)
  2 radroaches (Spider:2)
  4 death yaks
  2 tengu warriors
  Urug (Lair:2)
  A sun demon (Volcano)
  7 pharaoh ants
  2 steelbarb worms
  4 orb spiders
  5 lindwurms
  4 deep elf pyromancers
  Pikel (D:3)
  A wizard (D:15)
  8 ugly things
  10 wolf spiders
  2 cyclopes (D:12)
  An oklob plant (Lair:1)
  2 manticores
  3 moths of wrath
  A cyclops (shapeshifter) (D:13)
  17 elephants
  3 black mambas
  3 molten gargoyles (Lair:5)
  6 torpor snails
  3 unseen horrors
  6 cane toads
  A yaktaur (Spider:2)
  3 demonic crawlers
  2 rime drakes (Lair:5)
  8 komodo dragons
  A yaktaur (shapeshifter) (Spider:3)
  A tengu conjurer (D:11)
  A red devil (Volcano)
  A queen bee (Spider:1)
  2 polar bears (Lair:5)
  4 trolls
  7 meliai
  3 hornets
  A blink frog (shapeshifter) (D:13)
  22 tarantellas
  11 slime creatures
  4 blink frogs (Lair:4)
  2 snapping turtles (Spider:2)
  A dream sheep (D:13)
  17 jumping spiders
  2 shadows
  29 yaks
  13 culicivoras
  4 fire bats (Volcano)
  7 wyverns
  9 basilisks
  5 steam dragons (Lair:5)
  55 redbacks
  Menkaure (D:4)
  5 vampire mosquitoes
  2 acid dragons (D:11)
  A swamp worm (D:8)
  2 nagas
  11 water moccasins
  6 hell hounds
  A sky beast (shapeshifter) (Lair:4)
  6 orc warriors
  3 black bears
  An ice beast (D:7)
  4 boggarts
  3 ogres
  6 centaurs
  A wolf (Lair:1)
  2 lemures (D:3)
  6 bullfrogs
  6 kobold brigands
  7 gnoll sergeants
  2 necrophages
  6 scorpions
  16 killer bees
  6 electric eels
  3 howler monkeys
  5 hounds
  7 jellies
  6 lava snakes
  5 orc priests
  A gnoll bouda (D:9)
  8 iguanas
  5 orc wizards
  A mummy (D:9)
  26 gnolls
  4 adders
  A shadow imp (D:6)
  2 ufetubi (D:7)
  A worm (Lair:4)
  2 dart slugs
  36 orcs
  6 ball pythons
  20 endoplasms
  A giant cockroach (D:8)
  6 hobgoblins
  23 kobolds
  5 bats
  A frilled lizard (D:1)
  10 goblins
  4 rats
644 creatures vanquished.

Vanquished Creatures (collateral kills)
  An entropy weaver (Spider:2)
  An orb spider (Spider:3)
  A glowing orange brain (D:8)
  An obsidian statue (Volcano)
  A lindwurm (Spider:2)
  An orc sorcerer (Volcano)
  6 ugly things (D:14)
  A gargoyle (D:10)
  2 rime drakes (Lair:1)
  A komodo dragon (Lair:1)
  A red devil (Volcano)
  A polar bear (Spider:2)
  Grinder (D:3)
  2 jumping spiders (Spider:1)
  2 vampires
  A yak (D:11)
  A steam dragon (Lair:1)
  3 redbacks
  A water moccasin (Lair:1)
  A hell hound (Volcano)
  An orc warrior (D:8)
  A black bear (D:8)
  6 wolves (Lair:1)
  An electric eel (Lair:1)
  A hound (Spider:2)
  3 gnolls
  A giant cockroach (D:3)
  A ball python (D:3)
45 creatures vanquished.

Vanquished Creatures (others)
  A human (D:14)
  An orc (D:3)
  A demonic plant (Gauntlet)
  21 fungi
  79 plants
103 creatures vanquished.

Grand Total: 792 creatures vanquished

Notes
Turn   | Place    | Note
-------+----------+-------------------------------------------
     0 | D:5      | ragingrage the Demonspawn Delver began the quest for the
                  | Orb.
     0 | D:5      | Reached XP level 1. HP: 18/18 MP: 1/1
    80 | D:4      | Gained mutation: A meltable shield of frost defends you.
                  | (SH +4) [demonic ancestry]
    80 | D:4      | Reached XP level 2. HP: 11/24 MP: 2/2
   236 | D:4      | Noticed a scorpion
   281 | D:4      | Noticed Menkaure
   337 | D:3      | Found a sparkling altar of Nemelex Xobeh.
   498 | D:3      | Got the Textbook on Beguiling
   583 | D:3      | Became a worshipper of Nemelex Xobeh the Trickster
   629 | D:2      | Reached XP level 3. HP: 23/29 MP: 3/3
   703 | D:2      | Noticed Sigmund
  1904 | D:2      | Reached * piety under Nemelex Xobeh
  1934 | D:2      | Received a gift from Nemelex Xobeh
  2056 | D:2      | Gained mutation: You are partially covered in thin metallic
                  | scales. (AC +2) [demonic ancestry]
  2056 | D:2      | Reached XP level 4. HP: 35/35 MP: 4/4
  2375 | D:3      | Noticed Grinder
  2485 | D:3      | Killed Grinder
  2486 | D:3      | Gained mutation: You are mostly covered in thin metallic
                  | scales. (AC +3) [demonic ancestry]
  2486 | D:3      | Reached XP level 5. HP: 35/41 MP: 5/5
  2486 | D:3      | Reached XP level 6. HP: 40/47 MP: 6/6
  2716 | D:3      | Found a blossoming altar of Fedhas.
  3236 | D:4      | Noticed Pikel
  3285 | D:4      | Reached ** piety under Nemelex Xobeh
  3878 | D:4      | Killed Menkaure
  3879 | D:4      | Reached XP level 7. HP: 16/52 MP: 7/7
  4108 | D:3      | Killed Pikel
  4109 | D:3      | Gained mutation: You have a pair of small horns on your
                  | head. [demonic ancestry]
  4109 | D:3      | Reached XP level 8. HP: 16/58 MP: 8/8
  4380 | D:4      | Reached skill level 2 in Invocations
  4516 | D:5      | Found Suhoakk's Armour Emporium.
  4670 | D:5      | Reached skill level 3 in Invocations
  4966 | D:5      | Found a shimmering blue altar of Sif Muna.
  5184 | D:6      | Reached skill level 4 in Invocations
  5233 | D:6      | Received a gift from Nemelex Xobeh
  5364 | D:6      | Found a radiant altar of Vehumet.
  5398 | D:6      | Reached *** piety under Nemelex Xobeh
  5533 | D:6      | Reached skill level 5 in Invocations
  5642 | D:6      | Reached skill level 10 in Axes
  5692 | D:6      | Received a gift from Nemelex Xobeh
  5724 | D:6      | Reached skill level 6 in Invocations
  5724 | D:6      | Gained mutation: You are completely covered in thin
                  | metallic scales. (AC +4, rElec) [demonic ancestry]
  5724 | D:6      | Reached XP level 9. HP: 37/63 MP: 13/13
  5906 | D:6      | Found a broken altar of Ashenzari.
  5982 | D:6      | Found a staircase to the Ecumenical Temple.
  6709 | D:7      | Noticed an unseen horror
  6936 | D:7      | Reached **** piety under Nemelex Xobeh
  7131 | D:7      | Reached skill level 7 in Invocations
  7561 | D:7      | Killed an unseen horror
  7562 | D:7      | Reached skill level 8 in Invocations
  7864 | D:8      | Received a gift from Nemelex Xobeh
  8054 | D:8      | Received a gift from Nemelex Xobeh
  8191 | D:8      | Reached skill level 9 in Invocations
  8213 | D:8      | Reached XP level 10. HP: 57/70 MP: 15/17
  8370 | D:8      | Identified the -2 quarterstaff "Nyats" {flame, Drain rN+
                  | Dex+2}
  8453 | D:8      | Reached skill level 10 in Invocations
  8674 | D:8      | a swamp worm changed into a glowing orange brain
  8674 | D:8      | Noticed a glowing orange brain
  8674 | D:8      | a swamp worm changed into a torpor snail
  8674 | D:8      | Noticed a torpor snail
  8678 | D:8      | Killed a torpor snail
  8679 | D:8      | Killed a glowing orange brain
  8683 | D:8      | Identified the +1 leather armour "Uxaerphur" {Regen+ rCorr
                  | MP-9}
  9292 | D:9      | Noticed an elephant
  9562 | D:9      | Found a staircase to the Lair.
  9574 | D:9      | Killed an elephant
  9758 | D:9      | Received a gift from Nemelex Xobeh
  9877 | D:9      | Found a basalt altar of Yredelemnul.
 10076 | D:9      | Found a snail-covered altar of Cheibriados.
 10161 | D:9      | Found a runed translucent gate.
 10162 | D:9      | Found a runed translucent gate.
 10163 | D:9      | Found a runed translucent gate.
 10163 | D:9      | Noticed sirJeffrey23's ghost (novice HOFi)
 10181 | D:9      | Reached ***** piety under Nemelex Xobeh
 10186 | D:9      | Found a hazy altar of Hepliaklqana.
 10345 | Lair:1   | Entered Level 1 of the Lair of Beasts
 10370 | Lair:1   | Noticed a cane toad
 10385 | Lair:1   | Killed a cane toad
 10386 | Lair:1   | Gained mutation: You have a pair of horns on your head.
                  | [demonic ancestry]
 10386 | Lair:1   | Reached XP level 11. HP: 64/75 MP: 18/18
 10421 | D:10     | Entered Level 10 of the Dungeon
 10549 | D:10     | Noticed a boulder beetle
 10641 | D:9      | Reached skill level 1 in Armour
 10641 | D:9      | Reached skill level 1 in Shields
 10777 | D:10     | Killed a boulder beetle
 10899 | D:10     | Noticed a two-headed ogre
 10914 | D:10     | Killed a two-headed ogre
 11008 | D:10     | Noticed a two-headed ogre
 11020 | D:10     | Killed a two-headed ogre
 11177 | D:10     | Received a gift from Nemelex Xobeh
 11225 | D:10     | Found an ornate altar of the Wu Jian Council.
 11625 | D:10     | Received a gift from Nemelex Xobeh
 11625 | D:10     | Found an opulent altar of Gozag.
 11776 | D:11     | Found Ahoriwuu's Weapon Emporium.
 11817 | D:11     | Found Xoajoar's Jewellery Shop.
 11840 | D:11     | Found Teru's Assorted Antiques.
 11850 | D:11     | Noticed a white ugly thing
 12357 | Lair:1   | Received a gift from Nemelex Xobeh
 12407 | Lair:1   | Learned a level 2 spell: Wereblood
 12463 | Lair:1   | Reached skill level 5 in Fighting
 12482 | Lair:1   | Identified the +6 dagger of Sunlight {vorpal, rF+}
 12787 | Lair:1   | Received a gift from Nemelex Xobeh
 12845 | Lair:1   | Noticed an oklob plant
 13116 | Lair:1   | Found a stormy altar of Qazlal.
 13190 | Lair:1   | Gained mutation: A meltable icy envelope protects you from
                  | harm. (AC +4) [demonic ancestry]
 13190 | Lair:1   | Reached XP level 12. HP: 80/87 MP: 19/19
 14131 | Lair:1   | Reached skill level 5 in Dodging
 14353 | Lair:2   | Reached skill level 5 in Armour
 14353 | Lair:2   | Reached skill level 5 in Shields
 14595 | Lair:2   | Reached skill level 11 in Invocations
 14698 | Lair:2   | Received a gift from Nemelex Xobeh
 14714 | Lair:2   | Noticed Urug
 14718 | Lair:2   | Killed Urug
 14960 | Lair:2   | Found a hole to the Spider Nest.
 15077 | Lair:2   | Reached ****** piety under Nemelex Xobeh
 15293 | Lair:2   | Received a gift from Nemelex Xobeh
 15808 | Lair:2   | Reached skill level 1 in Polearms
 16154 | Lair:3   | Found a dark tunnel.
 16169 | Volcano  | Entered a volcano
 16171 | Volcano  | Received a gift from Nemelex Xobeh
 16343 | Volcano  | Found a burning altar of Makhleb.
 16343 | Volcano  | Paralysed by an orc sorcerer for 5 turns
 16936 | Lair:3   | Found a staircase to the Swamp.
 17063 | Lair:4   | Gained mutation: You may rarely emit foul miasma when
                  | damaged in melee. [demonic ancestry]
 17063 | Lair:4   | Reached XP level 13. HP: 96/96 MP: 21/21
 17249 | Lair:4   | Noticed a ghost moth
 17260 | Lair:3   | Reached skill level 12 in Invocations
 17582 | Lair:4   | Received a gift from Nemelex Xobeh
 18579 | Lair:4   | Killed a ghost moth
 18741 | Lair:5   | Entered Level 5 of the Lair of Beasts
 18743 | Lair:5   | Found a staircase to the Slime Pits.
 19042 | Lair:5   | Received a gift from Nemelex Xobeh
 20409 | Lair:5   | Found a large runed translucent door.
 20760 | Lair:5   | Noticed a fire dragon
 20761 | Lair:5   | Found a large runed translucent door.
 20863 | Lair:5   | Killed a fire dragon
 20864 | Lair:5   | Reached skill level 13 in Invocations
 21657 | D:11     | Reached XP level 14. HP: 78/106 MP: 23/23
 21775 | D:11     | Identified the +0 hand axe "Killer Klown's Peril" {vorpal,
                  | rC+ Will+}
 21786 | D:11     | Reached skill level 5 in Polearms
 21799 | D:11     | Bought a runed broad axe for 224 gold pieces
 21813 | D:11     | Found Zyti Wen's Magic Scroll Boutique.
 21823 | D:11     | Bought a scroll of acquirement for 572 gold pieces
 21823 | D:11     | Acquired a manual of Evocations
 22115 | D:11     | Found Jivaggim's Antique Weapon Emporium.
 22195 | D:11     | Found a staircase to the Orcish Mines.
 22208 | D:11     | Reached skill level 1 in Evocations
 22299 | D:12     | Identified the +6 scale mail "Ceos" {Int+4 Dex+2}
 22563 | D:12     | Found a transporter.
 22564 | D:12     | Found a corrupted altar of Lugonu.
 22670 | D:12     | Acquired 1063 gold pieces
 22781 | D:12     | Received a gift from Nemelex Xobeh
 22787 | D:12     | Reached skill level 1 in Throwing
 22803 | D:12     | Found a transporter.
 23328 | D:13     | Found a gate leading to a gauntlet.
 23349 | D:13     | Identified the ring of the Queen {Int+6 Dex+4}
 23432 | Gauntlet | Entered a Gauntlet
 23432 | Gauntlet | Found a transporter.
 23547 | Gauntlet | Found a transporter.
 23563 | Gauntlet | Found a transporter.
 23567 | Gauntlet | Found a transporter.
 23577 | Gauntlet | Found a transporter.
 23597 | Gauntlet | Found a transporter.
 23600 | Gauntlet | Found a transporter.
 23604 | Gauntlet | Found a transporter.
 23624 | Gauntlet | Found a transporter.
 23649 | Gauntlet | Found a transporter.
 23651 | Gauntlet | Found a transporter.
 23659 | Gauntlet | Found a transporter.
 23799 | Gauntlet | Identified the ring "Moyto" {rF+ Dex+2}
 23850 | Gauntlet | Identified the +2 pair of boots of the Sun {rC- Will++
                  | Str+5}
 24007 | Gauntlet | Found the +8 demon blade "Leech" {vamp, Harm Drain rN+}
 24045 | D:13     | Received a gift from Nemelex Xobeh
 24455 | D:13     | Found a gate to the Vaults.
 25244 | D:14     | Received a gift from Nemelex Xobeh
 25303 | D:15     | Entered Level 15 of the Dungeon
 25980 | D:14     | Received a gift from Nemelex Xobeh
 26374 | D:15     | Reached skill level 5 in Evocations
 26644 | D:14     | Noticed Kirke
 26656 | D:14     | Killed Kirke
 26657 | D:14     | Reached skill level 14 in Invocations
 27098 | Spider:1 | Entered Level 1 of the Spider Nest
 27145 | Spider:1 | Gained mutation: You have a pair of large horns on your
                  | head. [demonic ancestry]
 27145 | Spider:1 | Reached XP level 15. HP: 95/114 MP: 25/25
 27518 | Spider:1 | You fall into a shaft and drop 1 floor!
 27552 | Spider:2 | Identified the +0 trident "Jicw" {flame, rC+}
 27555 | Spider:2 | Reached skill level 1 in Transmutations
 28296 | Spider:1 | Noticed Nikola
 28445 | Spider:1 | Killed Nikola
 28454 | Spider:1 | Received a gift from Nemelex Xobeh
 29012 | Spider:2 | Reached skill level 10 in Fighting
 29316 | Spider:2 | Noticed an emperor scorpion
 29570 | Spider:2 | Killed an emperor scorpion
 30322 | Spider:2 | Received a gift from Nemelex Xobeh
 30337 | Spider:2 | Reached skill level 5 in Throwing
 30949 | Spider:2 | Received a gift from Nemelex Xobeh
 31394 | Spider:3 | Reached skill level 15 in Invocations
 31394 | Spider:3 | Reached XP level 16. HP: 119/121 MP: 27/27
 31762 | Spider:3 | Received a gift from Nemelex Xobeh
 32820 | Spider:3 | Received a gift from Nemelex Xobeh
 32839 | Spider:3 | Killed from afar by a jorogumo

Illustrated notes

Levels and vault maps discovered:
D:1:      minmay_arrival_widening_spiral_narrow, layout_loops_ring,
          minmay_heptomino_w4
D:2:      layout_loops_ring, serial_bayou_pond_c, uniq_sigmund
D:3:      layout_rooms, mainiacjoe_overflow_catwalk, lemuel_tele_altar,
          chequers_serial_rivers_micro_b, minmay_fractal_squares_gapless_5,
          uniq_grinder
D:4:      layout_gridville, uniq_pikel, uniq_menkaure
D:5:      layout_rooms, led_sif_pool, serial_shops, nicolae_inconvenience_store
D:6:      layout_layer_cave, nicolae_vehumet_altar_sigil, kennysheep_mini,
          temple_doors_ab
D:7:      minmay_skewed_foursquare, layout_rooms, elyvilon_altar_3
D:8:      layout_rooms, worms_lemuel
D:9:      layout_stronghold, slow_altar_1, lemuel_doored_altar,
          mainiacjoe_overflow_surrounded_room, david_lair_generic,
          ebering_ghost_rock_garden
D:10:     layout_irregular_city, general_overflow_altar, kennysheep_little_box,
          nicolae_wu_jian_wuxing_cycle, chequers_serial_rivers_room_a,
          palyth_stone_intersect, glass_columns_b, minivault_10
D:11:     layout_cave_pools, kennysheep_orc_monster_closet_entryway,
          serial_shops, shop, nicolae_lakefront_shop, shop,
          nicolae_take_the_stairs, shop
D:12:     gammafunk_corrupted_shrine, layout_basic
D:13:     layout_cave_pools, erik_vaults_1, gauntlet_entry_generic,
          kennysheep_cross_bottleneck
D:14:     layout_big_octagon, nicolae_wwwww, minmay_misc_feat_pillars,
          uniq_kirke
D:15:     grunt_enter_depths_magical_seal, layout_loops_ring, uniq_josephine
Lair:1:   layout_regular_city, serial_bayou, serial_bayou_shore_a,
          serial_bayou_shore_b, serial_bayou_pond_b, serial_bayou_lagoon_b,
          bh_autumn_forest_stairs, lemuel_oklob_altar
Lair:2:   layout_cave_pods, spider_nest_entry_webs, minmay_lindwurm_lava,
          uniq_urug
Lair:3:   layout_chaotic_city, swamp_mist, enter_volcano_3, lemuel_fruit_tree,
          grunt_megastairs_4
Lair:4:   lemuel_slime, layout_gridlike
Lair:5:   cheibrodos_lair_end_hotspot, layout_regular_city, slime_entry_1
Spider:1: layout_cave_pods, nicolae_looking_at_the_future, uniq_nikola
Spider:2: nicolae_spider_hilbert_zone_7 [nicolae_spider_hilbert_4_sides_1_open,
          nicolae_spider_hilbert_4_sides_1_open,
          nicolae_spider_hilbert_4_sides_1_open,
          nicolae_spider_hilbert_4_sides_1_open,
          nicolae_spider_hilbert_3_sides_1_open,
          nicolae_spider_hilbert_3_sides_1_open,
          nicolae_spider_hilbert_3_sides_1_open,
          nicolae_spider_hilbert_3_sides_1_open,
          nicolae_spider_hilbert_4_sides_1_open,
          nicolae_spider_hilbert_4_sides_1_open,
          nicolae_spider_hilbert_4_sides_1_open,
          nicolae_spider_hilbert_2_sides_1_open,
          nicolae_spider_hilbert_2_sides_1_open,
          nicolae_spider_hilbert_2_sides_1_open,
          nicolae_spider_hilbert_2_sides_1_open,
          nicolae_spider_hilbert_2_sides_1_open,
          nicolae_spider_hilbert_2_sides_1_open], drop_trap
Spider:3: layout_chambers, hellmonk_deceptive_appearances

Skill      XL: |  1  2  3  4  5  6  7  8  9 10 11 12 13 14 15 16 |
---------------+-------------------------------------------------+-----
Axes           | 2 3 4 6 7 9 10 11 13 14 | 14.0
Invocations    | 6 9 10 11 13 14 15 | 15.0
Dodging        | 4 6 7 8 9 |  9.0
Armour         | 4 5 7 8 9 |  9.0
Shields        | 4 6 7 8 9 |  9.0
Fighting       | 5 7 8 9 10 | 10.0
Polearms       | 2 4 6 7 8 |  8.6
Evocations     | 5 8 |  8.9
Throwing       | 3 5 |  5.7
Transmutations | 3 4 |  4.1
Stealth        | |  4.5

Action                   |  1- 3 |  4- 6 |  7- 9 | 10-12 | 13-15 | 16-18 || total
-------------------------+-------+-------+-------+-------+-------+-------++-------
Melee: Hand axe          |    55 |       |    15 |   288 |       |       ||   358
       Punch             |     2 |       |     4 |     3 |     6 |       ||    15
       Whip              |    45 |     4 |       |       |       |       ||    49
       Flail             |       |    15 |       |       |       |       ||    15
       Trident           |       |    70 |   298 |   260 |       |       ||   628
       Headbutt          |       |       |    57 |   155 |   289 |    33 ||   534
       Demon trident     |       |       |       |   110 |  1237 |   155 ||  1502
       Glaive            |       |       |       |       |     3 |       ||     3
Throw: Dart              |     4 |       |     2 |    88 |    41 |     3 ||   138
 Cast: Wereblood         |       |       |       |       |     1 |       ||     1
Invok: Draw Destruction  |       |     4 |     3 |    15 |    34 |     4 ||    60
       Draw Summoning    |       |     1 |     1 |    10 |     8 |     2 ||    22
       Stack Five        |       |       |       |       |     1 |       ||     1
Evoke: Wand              |       |       |     2 |     2 |     1 |       ||     5
       Tin of tremorston |       |       |       |       |     3 |       ||     3
       Phial of floods   |       |       |       |       |     2 |       ||     2
       Box of beasts     |       |       |       |       |     1 |       ||     1
  Use: Scroll            |       |       |     6 |    15 |    12 |       ||    33
       Potion            |       |       |       |     1 |     3 |     2 ||     6
 Stab: Sleeping          |     2 |     1 |     7 |     1 |     6 |     2 ||    19
       Paralysed         |       |       |     1 |       |       |       ||     1
       Distracted        |       |       |     1 |     2 |     4 |       ||     7
       Petrifying        |       |       |       |       |     2 |       ||     2
Armor: Leather armour    |    29 |    22 |    21 |       |       |       ||    72
       Ring mail         |       |       |    68 |   216 |   450 |    58 ||   792
       Chain mail        |       |       |       |       |    95 |       ||    95
Dodge: Dodged            |    56 |    36 |   136 |   288 |   598 |    61 ||  1175
Block: Other             |    11 |    13 |    41 |    26 |    53 |       ||   144
       Buckler           |       |       |       |   148 |   361 |    44 ||   553

Table legend: (Time is in decaauts)
 A = Elapsed time spent in this place.
 B = Non-inter-level travel time spent in this place.
 C = Inter-level travel time spent in this place.
 D = Time resting spent in this place.
 E = Time spent auto-exploring this place.
 F = Levels seen in this place.
 G = Mean time per level.
                   A        B        C        D        E       F      G
               +--------+--------+--------+--------+--------+-----+--------+
         Total |  32454 |  30541 |   1913 |   7896 |  16313 |  25 | 1298.2 |
       Dungeon |  17024 |  15828 |   1196 |   3537 |   9191 |  15 | 1134.9 |
          Lair |   8842 |   8219 |    623 |   2279 |   4119 |   5 | 1768.4 |
   Spider Nest |   5607 |   5514 |     93 |   1854 |   2664 |   3 | 1869.0 |
       Volcano |    392 |    392 |      0 |    148 |     29 |   1 |  392.0 |
      Gauntlet |    587 |    587 |      0 |     76 |    310 |   1 |  587.0 |
               +--------+--------+--------+--------+--------+-----+--------+

Top non-repeatable levels by time:
  Lair:1: 2501 daAuts
Spider:2: 2471 daAuts
  Lair:5: 1971 daAuts
  Lair:2: 1671 daAuts
     D:9: 1661 daAuts
Spider:3: 1614 daAuts
    D:10: 1579 daAuts
Spider:1: 1521 daAuts
  Lair:4: 1375 daAuts
     D:6: 1367 daAuts
     D:4: 1356 daAuts
     D:7: 1334 daAuts
  Lair:3: 1323 daAuts
    D:14: 1240 daAuts
     D:8: 1140 daAuts
